 Dungeon Crawl Stone Soup version 0.30-a0-711-gf4ac18a38d (webtiles) character file.

Game seed: 6674381031450119789

113 nucleargodhead the Trooper (level 4, -5/42 HPs)
             Began as a Minotaur Berserker on Jan 22, 2023.
             Was a Believer of Trog.
             Killed from afar by Terence (11 damage)
             ... with a puff of flame
             ... on level 2 of the Dungeon.
             The game lasted 00:01:43 (1089 turns).

nucleargodhead the Trooper (Minotaur Berserker)     Turns: 1089, Time: 00:01:44

Health: -5/42      AC:  5    Str: 21    XL:     4   Next: 65%
Magic:  3/3        EV: 12    Int:  4    God:    Trog [**....]
Gold:   87         SH:  0    Dex: 12    Spells: 3/3 levels left

rFire   . . .      SeeInvis .    a - +0 falchion
rCold   . . .      Faith    .    (no shield)
rNeg    . . .      Spirit   .    b - +0 animal skin
rPois   .          Reflect  .    (helmet restricted)
rElec   .          Harm     .    (no cloak)
rCorr   .          Rampage  .    (no gloves)
Will    .....                    d - +2 pair of boots
Stlth   +                        (no amulet)
HPRegen 0.27/turn                (no ring)
MPRegen 0.08/turn                (no ring)

@: no status effects
A: horns 2, retaliatory headbutt
a: Renounce Religion, Berserk, Trog's Hand


You were on level 2 of the Dungeon.
You worshipped Trog.
Trog was pleased with you.
You visited 1 branch of the dungeon, and saw 2 of its levels.

You collected 87 gold pieces.

Inventory:

Hand Weapons
 a - a +0 falchion (weapon)
Armour
 b - a +0 animal skin (worn)
 d - a +2 pair of boots (worn)
Jewellery
 f - a ring of fire
 k - a +6 ring of intelligence
Scrolls
 c - a scroll of fear {unknown}
 e - 2 scrolls of identify {unknown}
 h - a scroll of amnesia {unknown}
 i - a scroll of teleportation {unknown}
 l - a scroll of vulnerability {unknown}
Potions
 g - 2 potions of mutation {unknown}
 j - a potion of degeneration {unknown}


   Skills:
 + Level 5.3 Fighting
 + Level 5.3 Long Blades
 - Level 2.4 Armour
 - Level 2.1 Dodging


You had 3 spell levels left.
You didn't know any spells.
Your spell library was empty.

Dungeon Overview and Level Annotations

Branches:
Dungeon (2/15)

Altars:
Cheibriados

Annotations:
D:2 Terence


Innate Abilities, Weirdness & Mutations

You have a pair of horns on your head.
You reflexively headbutt those who attack you in melee.


Message History

Terence shouts!
Terence zaps a wand.
The puff of flame hits you!
You see here 8 gold pieces.
Terence is nearby!
Terence is nearby!
Terence is nearby!
You now have 87 gold pieces (gained 8).
Found a leather armour.
Terence zaps a wand.
The puff of flame hits you!
You hit Terence. You headbutt Terence.
Terence is moderately wounded.
Terence hits you with a +0 flail.
You are too injured to fight recklessly!
You are too injured to fight recklessly!
You are too injured to fight recklessly!
You are too injured to fight recklessly!
You are too injured to fight recklessly!
You are too injured to fight recklessly!
You fail to use your ability.
Terence hits you with a +0 flail!
You are too injured to fight recklessly!
You are too injured to fight recklessly!
You are too injured to fight recklessly!
You barely miss Terence. You headbutt Terence!
Terence is severely wounded.
Terence hits you with a +0 flail.
* * * LOW HITPOINT WARNING * * *
You hit Terence but do no damage.
Terence is severely wounded.
Terence drinks a potion.
Terence is healed!
You hit Terence.
Terence is lightly wounded.
Terence barely misses you.
You hit Terence.
Terence is moderately wounded.
Terence zaps a wand.
The puff of flame hits you!
* * * LOW HITPOINT WARNING * * *
You barely miss Terence.
Terence is moderately wounded.
Terence zaps a wand.
The puff of flame hits you!
You die...

# # ############ #
#.......$..# #
#..........# #
#.........[# #
#..........#
############..........#
.##.............@@....#
.>..#############.#####
##.....## .# ..<.....##
.# .........# .#
..##...#.#### #.#
...##..#....####..#
.###†...###.#....##
...###...........#


You could see Terence.

Vanquished Creatures
  Natasha (D:2)
  Robin (D:2)
  3 dart slugs
  4 bats
  7 endoplasms
  5 giant cockroaches (D:2)
  11 goblins
  4 hobgoblins
  7 jackals
  A kobold (D:1)
  3 quokkas
  8 ball pythons
  A frilled lizard (D:2)
  4 rats
60 creatures vanquished.

Notes
Turn   | Place    | Note
-------+----------+-------------------------------------------
     0 | D:1      | nucleargodhead the Minotaur Berserker began the quest for
                  | the Orb.
     0 | D:1      | Reached XP level 1. HP: 19/19 MP: 0/0
   156 | D:1      | Reached XP level 2. HP: 21/27 MP: 1/1
   353 | D:1      | Found a faded altar of an unknown god.
   488 | D:1      | Reached XP level 3. HP: 26/34 MP: 2/2
   583 | D:2      | Reached ** piety under Trog
   618 | D:2      | Noticed Robin
   642 | D:2      | Killed Robin
   643 | D:2      | Reached XP level 4. HP: 11/41 MP: 3/3
   644 | D:2      | Reached skill level 5 in Long Blades
   649 | D:2      | Reached skill level 5 in Fighting
   763 | D:2      | Found a snail-covered altar of Cheibriados.
   994 | D:2      | Noticed Natasha
  1003 | D:2      | Killed Natasha
  1078 | D:2      | Noticed Terence
  1089 | D:2      | Killed from afar by Terence

Illustrated notes

Levels and vault maps discovered:
D:1:      lemuel_arrival_cross, layout_rooms, ebering_ecumenical_altar_box,
          hangedman_glass_garden
D:2:      layout_rooms, basic_altar, minmay_worlds_worst_comb, uniq_terence,
          uniq_robin, uniq_natasha

Skill      XL: |  1  2  3  4 |
---------------+-------------+-----
Fighting       | 4 5 |  5.3
Long Blades    | 4 5 |  5.3
Armour         | |  2.4
Dodging        | |  2.1

Action                     |  1- 3 |  4- 6 || total
---------------------------+-------+-------++-------
  Melee: Falchion          |    92 |    32 ||   124
         Headbutt          |    18 |     4 ||    22
         Punch             |     1 |       ||     1
 Invoke: Berserk           |     1 |       ||     1
         Trog's Hand       |     1 |       ||     1
   Stab: Sleeping          |     1 |       ||     1
 Armour: Animal skin       |    56 |     5 ||    61
  Dodge: Dodged            |   107 |    16 ||   123

Table legend: (Time is in decaauts)
 A = Elapsed time spent in this place.
 B = Non-inter-level travel time spent in this place.
 C = Inter-level travel time spent in this place.
 D = Time resting spent in this place.
 E = Time spent auto-exploring this place.
 F = Levels seen in this place.
 G = Mean time per level.
                   A        B        C        D        E       F      G
               +--------+--------+--------+--------+--------+-----+--------+
         Total |   1109 |   1088 |     21 |     27 |    767 |   2 |  554.5 |
       Dungeon |   1109 |   1088 |     21 |     27 |    767 |   2 |  554.5 |
               +--------+--------+--------+--------+--------+-----+--------+

Top non-repeatable levels by time:
     D:2: 561 daAuts
     D:1: 548 daAuts
